 Dungeon Crawl Stone Soup version 0.31.0-11-ge490571c62 (webtiles) character file.

Game seed: 14559971265558143581

227125 LabCoat the Severer (level 19, -40/180 HPs)
             Began as a Hill Orc Fighter on Feb 7, 2024.
             Was a High Priest of Trog.
             Killed from afar by Mara (illusionary) (48 damage)
             ... with a bolt of fire
             ... on level 4 of the Swamp on Feb 8, 2024.
             The game lasted 02:52:33 (31949 turns).

LabCoat the Severer (Hill Orc Fighter)             Turns: 31949, Time: 02:52:34

Health: -40/180    AC: 36    Str: 27    XL:     19   Next: 37%
Magic:  19/19      EV: 13    Int:  8    God:    Trog [*****.]
Gold:   2681       SH: 14    Dex: 13    Spells: 18/18 levels left

rFire   . . .        b - +3 broad axe (venom)
rCold   . . .        u - +2 kite shield {AC+3}
rNeg    . . .        K - +5 chain mail of the Other World {Will+}
rPois   +            S - +2 helmet
rElec   .            y - +2 cloak
rCorr   .            f - +0 pair of gloves {Dex+3}
SInv    .            c - +1 pair of boots {Fly}
Will    ++++.        m - amulet of regeneration Stlth
                     s - +4 ring of protection
HPRegen 2.30/turn    R - ring of poison resistance
MPRegen 0.16/turn

%: no passive effects
@: about to teleport, strong-willed (expiring), flying, regenerating (expiring)
A: no striking features
}: 1/15 runes: serpentine
a: Renounce Religion, Berserk, Trog's Hand, Brothers in Arms


You were on level 4 of the Swamp.
You worshipped Trog.
Trog was extremely pleased with you.
You visited 6 branches of the dungeon, and saw 31 of its levels.
You also visited: Ossuary and Ice Cave.

You collected 3340 gold pieces.
You spent 659 gold pieces at shops.

Inventory:

Hand Weapons
 b - a +3 broad axe of venom (weapon)
 o - a +6 executioner's axe of flaming
 x - a +3 battleaxe of freezing
 Q - a +1 morningstar of freezing
Missiles
 i - 16 curare-tipped darts (quivered)
 F - 34 boomerangs
 U - 7 javelins
 Z - 4 silver javelins
Armour
 c - a +1 pair of boots of flying (worn)
 f - a +0 pair of gloves of dexterity (worn)
 u - a +2 kite shield of protection (worn)
 y - a +2 cloak (worn)
 K - the +5 chain mail of the Other World (worn) {Will+}
   (You found it on level 5 of the Lair of Beasts)

   Will+:     It increases your willpower.
 N - a +1 buckler of reflection
 S - a +2 helmet (worn)
Jewellery
 k - a ring of ice
 l - a ring of see invisible
 m - an amulet of regeneration (around neck)
 r - a ring of positive energy
 s - a +4 ring of protection (left hand)
 C - a ring of willpower
 E - a ring of resist corrosion
 J - a ring of protection from fire
 R - a ring of poison resistance (right hand)
Talismans
 V - a dragon-blood talisman
Wands
 d - a wand of flame (91)
 t - a wand of iceblast (35)
 D - a wand of mindburst (25)
 G - a wand of charming (29)
 I - a wand of acid (12)
 M - a wand of polymorph (17)
Scrolls
 g - 8 scrolls of silence
 h - 3 scrolls of teleportation
 j - 6 scrolls of immolation
 p - 2 scrolls of noise
 z - 3 scrolls of poison
 B - a scroll of brand weapon
 H - 3 scrolls of identify
 T - 3 scrolls of enchant armour
 W - 2 scrolls of fog
Potions
 a - 3 potions of might
 n - 4 potions of enlightenment
 q - 4 potions of ambrosia
 w - 2 potions of invisibility
 A - 12 potions of curing
 L - a potion of haste
 O - a potion of resistance
 P - 2 potions of cancellation
 X - a potion of mutation
Miscellaneous
 Y - a tin of tremorstones (2/2)


   Skills:
 * Level 18.4 Fighting
 * Level 19.7 Axes
 + Level 10.5 Throwing
 + Level 14.2 Armour
 + Level 10.2 Dodging
 - Level 12.1 Shields
 * Level 15.4 Evocations


You had 18 spell levels left.
You didn't know any spells.
Your spell library contained the following spells:

 Spells                   Type           Power      Damage    Failure   Level
 Call Imp                 Summ           0%         N/A       97%         2
 Sublimation of Blood     Necr           0%         N/A       97%         2
 Summon Ice Beast         Ice/Summ       0%         N/A       99%         3
 Petrify                  Alch/Erth      0%         N/A       100%        4
 Irradiate                Conj/Alch      0%         3d11      100%        5
 Summon Mana Viper        Hex/Summ       0%         N/A       100%        5
 Monstrous Menagerie      Summ           0%         N/A       100%        7
 Summon Hydra             Summ           0%         N/A       100%        7


Dungeon Overview and Level Annotations

Branches:
Dungeon (15/15)            Temple (1/1) D:6            Lair (5/5) D:9
  Swamp (4/4) Lair:3        Snake (4/4) Lair:3        Slime (0/5) Lair:4
    Orc (2/2) D:11            Elf (0/3) Orc:2        Vaults (0/5) D:13
 Depths (0/4) D:15        Ossuary (visited)           IceCv (visited)

Altars:
Ashenzari
Cheibriados
Dithmenos
Elyvilon
Fedhas
Gozag
Hepliaklqana
Kikubaaqudgha
Makhleb
Nemelex Xobeh
Okawaru
Qazlal
Ru
Sif Muna
Trog
Uskayaw
Vehumet
Wu Jian
Xom
Yredelemnul
Zin
The Shining One
Beogh
Jiyva

Shops:
D:3 (   D:10 *   D:13 *=   Orc:1 ?   Orc:2 =[*!   Snake:1 [   Snake:3 =

Annotations:
D:1 2 transporters
D:15 3 runed translucent doors, Bananafolds's ghost, adept NaAl
Lair:4 exclusion: oklob plant
Swamp:3 2 runed translucent doors, TangoThomas's ghost, adept DsNe
Swamp:4 Mara
Snake:3 1 runed translucent door, Himpaguf's ghost, adept DECj
Snake:4 1 runed translucent door, lessens's ghost, adept MiGl


Message History

You feel better.
Mara blinks!
Your deep troll closely misses Mara.
Your deep troll completely misses Mara.
Your deep troll claws Mara!
You block LabCoat's illusion's attack.
Mara hits your deep troll with a +5 demon whip of venom!!!
Your deep troll looks as sick as possible!
You closely miss Mara.
Mara is moderately wounded.
You hit LabCoat's illusion but do no damage.
Your deep troll bites Mara!
Your deep troll claws Mara.
Your deep troll claws Mara!
Mara hits your deep troll with a +5 demon whip of venom!!!
Your deep troll bites Mara!
Your deep troll claws Mara. x2
Mara says, "Entranced by some poetic flight, are you?"
Mara hits your deep troll with a +5 demon whip of venom!!
Your deep troll dies!
Your deep troll's corpse disappears in a puff of smoke!
LabCoat's illusion hits you but does no damage.
Mara blinks!
Mara hits you with a +5 demon whip of venom!
As you read the scroll of teleportation, it crumbles to dust.
You feel strangely unstable.
LabCoat's illusion hits you but does no damage.
Mara blinks!
Mara gestures at you. The bolt of fire hits you!!!
* * * LOW HITPOINT WARNING * * *
As you read the scroll of fear, it crumbles to dust.
You assume a fearsome visage.
LabCoat's illusion resists with almost no effort.
Mara resists with almost no effort. x3; The swamp worm looks frightened!
You feel the effects of Trog's Hand fading.
LabCoat's illusion hits you but does no damage.
Mara splashes around in the water.
LabCoat's illusion attacks as it pursues you!
LabCoat's illusion hits you!!
* * * LOW HITPOINT WARNING * * *
Mara says, "Thou art lean, ill-favoured, death is in thy neighbourhood!"
Mara gestures at you. The bolt of fire hits you!!!
You die...

..~.~...~# #.
..~~.~...## ##.
~..~~.§~..## #..
.~~~......~## ♣<.
~......".~.~### ♣♣♣
~..~.~..~~~.~.### ♣
~§~~~......~~...########
~.~.........~R~.......§.
~.~~~...~.~~...§@..§.~..
...~.~.§...~...@.......~
.......~~~~.~R$R..(~..~~
.~♣.(~^....~~...~.~....~
.~.~.~.......~.....~
.....~.....~...~..
~..~..§~~.~?..w~.~
....~~~.)~..~♣..~.
.~~.♣~~♣.~♣♣♣♣♣.♣


You could see 3 Maras, a swamp worm (fleeing) and LabCoat's illusion (very
poisoned).

Vanquished Creatures
  A tentacled monstrosity (Swamp:2)
  2 thorn hunters (Swamp:4)
  2 fenstrider witches
  3 nagarajas
  A frost giant (IceCv)
  A ghoul (Swamp:4)
  An orc warlord (Orc:2)
  A stone giant (D:15)
  Nessos (Lair:5)
  7 eleionomae
  5 bunyips
  A green death (Swamp:4)
  A fire dragon (Lair:5)
  Snorg (Orc:2)
  Fannar (D:12)
  12 hydras
  A shambling mangrove (Swamp:2)
  A vault guard (D:13)
  Erolcha (D:12)
  2 ogre magi
  2 ghost crabs
  4 salamander tyrants
  4 alligators
  2 centaur warriors
  18 anacondas
  6 two-headed ogres
  Harold (Lair:2)
  A boulder beetle (Lair:5)
  2 catoblepae
  14 naga warriors
  3 tengu warriors (D:15)
  Urug (D:11)
  4 orc high priests (Orc:2)
  11 shock serpents
  2 occultists (Swamp:4)
  16 death yaks
  2 soul eaters (Swamp:4)
  10 spriggans
  12 naga sharpshooters
  3 skeletal warriors (D:12)
  Sonja (Lair:2)
  Nergalle (Lair:2)
  7 salamander mystics
  A skyshark (Lair:5)
  A sixfirhy (Swamp:4)
  3 goliath frogs
  7 spriggan druids
  3 sea snakes (Snake:3)
  3 swamp dragons
  3 naga ritualists
  An arcanist (Swamp:4)
  6 bog bodies
  12 mana vipers
  Pikel (D:5)
  2 deep elf zephyrmancers
  6 ugly things
  6 orc knights
  6 lindwurms
  8 orc sorcerers
  3 will-o-the-wisps
  5 cyclopes
  3 manticores
  A meliai (D:11)
  24 naga magi
  23 salamanders
  13 elephants
  14 guardian serpents
  31 black mambas
  An ice statue (IceCv)
  2 kobold blastminers (Orc:2)
  3 torpor snails
  20 cane toads
  A gargoyle (D:12)
  4 orange demons (Swamp:4)
  10 rime drakes
  2 efreet
  11 komodo dragons
  An unseen horror (D:11)
  2 tengu conjurers (D:15)
  Psyche (D:11)
  8 polar bears
  A queen bee (Lair:3)
  7 trolls
  6 tyrant leeches
  A bloated husk (Swamp:4)
  14 hornets
  8 blink frogs
  4 dream sheep
  4 slime creatures (D:14)
  A vampire (D:11)
  2 wraiths
  A shadow (D:11)
  44 yaks
  5 wyverns
  A centaur simulacrum (D:14)
  6 basilisks
  A warg (shapeshifter) (D:14)
  10 vampire mosquitoes
  A warg (Orc:2)
  Menkaure (D:5)
  5 steam dragons
  Edmund (D:4)
  5 acid dragons
  19 swamp worms
  53 nagas
  13 water moccasins
  2 swamp drakes
  2 black bears
  Duvessa (D:7)
  48 orc warriors
  2 sky beasts
  17 ogres
  A boggart (D:15)
  36 wolves
  6 centaurs
  2 lemures (D:5)
  A phantom (D:7)
  8 kobold brigands
  18 bullfrogs
  2 elf zombies (Ossuary)
  2 necrophages (Swamp:4)
  2 gnoll sergeants
  4 scorpions
  12 wights
  Dowan (D:7)
  51 killer bees
  3 electric eels
  A howler monkey (D:9)
  2 centaur zombies (Ossuary)
  3 lava snakes (Lair:3)
  9 jellies
  A bombardier beetle (D:6)
  2 hounds
  33 orc priests
  Crazy Yiuf (D:4)
  A gnoll bouda (D:4)
  3 sleepcaps
  Jessica (D:3)
  Terence (D:3)
  6 iguanas
  29 orc wizards
  10 hell rats
  9 hound zombies (Ossuary)
  2 mummies (Ossuary)
  3 adders
  12 gnolls
  A shadow imp (D:7)
  2 white imps
  2 ufetubi (D:6)
  An adder zombie (Ossuary)
  2 dart slugs
  2 ribbon worms
  115 orcs
  6 ball pythons
  3 endoplasms
  4 giant cockroaches
  11 goblins
  8 hobgoblins
  6 jackals
  2 quokkas (D:1)
  6 bats
  4 gnoll zombies (Ossuary)
  5 jackal zombies (Ossuary)
  24 kobolds
  6 kobold zombies (Ossuary)
  8 orc zombies (Ossuary)
  4 rats (D:1)
1211 creatures vanquished.

Vanquished Creatures (collateral kills)
  Vashnia (Snake:3)
  A naga sharpshooter (Snake:3)
  A mana viper (Snake:3)
  A naga ritualist (Snake:3)
  A black mamba (Snake:3)
5 creatures vanquished.

Vanquished Creatures (others)
  A hydra (Swamp:4)
  An occultist (Swamp:4)
  A sixfirhy (Swamp:4)
  A guardian serpent (Snake:4)
  3 black mambas
  5 bloated husks
  An orc wizard (D:5)
  16 foxfires
29 creatures vanquished.

Grand Total: 1245 creatures vanquished

Notes
Turn   | Place    | Note
-------+----------+-------------------------------------------
     0 | D:1      | LabCoat the Hill Orc Fighter began the quest for the Orb.
     0 | D:1      | Reached XP level 1. HP: 19/19 MP: 1/1
   159 | D:1      | Reached XP level 2. HP: 27/27 MP: 2/2
   286 | D:1      | Reached skill level 3 in Axes
   735 | D:1      | Reached XP level 3. HP: 26/33 MP: 3/3
  1266 | D:2      | Reached XP level 4. HP: 40/40 MP: 4/4
  1294 | D:2      | Reached skill level 1 in Evocations
  1350 | D:2      | Found a faded altar of an unknown god.
  2008 | D:3      | Noticed Terence
  2021 | D:3      | Killed Terence
  2022 | D:3      | Reached skill level 1 in Throwing
  2217 | D:3      | Noticed Jessica
  2222 | D:3      | Killed Jessica
  2223 | D:3      | Reached XP level 5. HP: 47/47 MP: 5/5
  2362 | D:3      | Found Rehupper's Antique Weapon Boutique.
  2596 | D:4      | Reached skill level 4 in Axes
  2596 | D:4      | Reached XP level 6. HP: 28/55 MP: 6/6
  2604 | D:4      | Reached skill level 1 in Dodging
  2653 | D:4      | Identified the +0 robe of the Meadowlark {rElec rF+}
  2706 | D:4      | Reached skill level 5 in Fighting
  2718 | D:4      | Found a blossoming altar of Fedhas.
  2718 | D:4      | Found a shimmering altar of Xom.
  2797 | D:4      | Noticed Edmund
  2814 | D:4      | Killed Edmund
  2815 | D:4      | Reached XP level 7. HP: 35/61 MP: 7/7
  3223 | D:4      | Reached skill level 5 in Axes
  3223 | D:4      | Reached skill level 5 in Armour
  3266 | D:4      | Found a runed translucent door.
  3267 | D:4      | Noticed Crazy Yiuf
  3278 | D:4      | Killed Crazy Yiuf
  3379 | D:5      | Entered Level 5 of the Dungeon
  3384 | D:5      | Found a sand-covered staircase.
  3391 | Ossuary  | Entered an ossuary
  3533 | Ossuary  | Reached XP level 8. HP: 61/70 MP: 8/8
  3800 | D:5      | Noticed Pikel
  3815 | D:5      | Killed Pikel
  3816 | D:5      | Reached skill level 6 in Axes
  4239 | D:5      | Noticed Menkaure
  4242 | D:5      | Killed Menkaure
  4243 | D:5      | Reached XP level 9. HP: 72/78 MP: 9/9
  4452 | D:6      | Reached skill level 5 in Shields
  4460 | D:6      | Reached skill level 7 in Axes
  4464 | D:6      | Reached skill level 5 in Evocations
  4517 | D:6      | Found a staircase to the Ecumenical Temple.
  4523 | Temple   | Entered the Ecumenical Temple
  4960 | D:6      | Reached skill level 8 in Axes
  4966 | D:6      | Reached XP level 10. HP: 83/88 MP: 10/10
  5145 | D:7      | Found a glowing silver altar of Zin.
  5145 | D:7      | Found a basalt altar of Yredelemnul.
  5190 | D:7      | Found a bloodstained altar of Trog.
  5203 | D:7      | Became a worshipper of Trog the Wrathful
  5280 | D:7      | Found a shadowy altar of Dithmenos.
  5436 | D:3      | Bought a runed battleaxe for 209 gold pieces
  5571 | D:7      | Noticed Duvessa
  5571 | D:7      | Noticed Dowan
  5572 | D:7      | Killed Duvessa
  5577 | D:7      | Killed Dowan
  5710 | D:7      | Found an ornate altar of the Wu Jian Council.
  5937 | D:8      | Reached * piety under Trog
  5946 | D:8      | Reached skill level 9 in Axes
  6125 | D:8      | Found a roughly hewn altar of Beogh.
  6151 | D:8      | Reached ** piety under Trog
  6318 | D:8      | Noticed a three-headed hydra
  6328 | D:8      | Killed a three-headed hydra
  6329 | D:8      | Reached XP level 11. HP: 91/97 MP: 11/11
  6588 | D:9      | Found a staircase to the Lair.
  6726 | D:9      | Reached skill level 10 in Axes
  7187 | D:9      | Reached *** piety under Trog
  7188 | D:9      | Reached skill level 5 in Throwing
  7191 | D:9      | Reached skill level 10 in Fighting
  7445 | D:10     | Entered Level 10 of the Dungeon
  7628 | D:10     | Found a glowing golden altar of the Shining One.
  7716 | D:10     | You fall into a shaft and drop 3 floors!
  7719 | D:13     | Noticed a centaur warrior
  7728 | D:13     | Killed a centaur warrior
  7799 | D:12     | Noticed a two-headed ogre
  7807 | D:12     | Killed a two-headed ogre
  7827 | D:12     | Noticed a skeletal warrior
  7833 | D:12     | Noticed a skeletal warrior
  7839 | D:12     | Killed a skeletal warrior
  7840 | D:12     | Reached skill level 11 in Axes
  7842 | D:12     | Noticed a skeletal warrior
  7844 | D:12     | Killed a skeletal warrior
  7845 | D:12     | Reached XP level 12. HP: 108/108 MP: 12/12
  7956 | D:11     | Found a staircase to the Orcish Mines.
  7970 | D:11     | Reached skill level 10 in Armour
  8017 | D:11     | Reached **** piety under Trog
  8194 | D:11     | Noticed Psyche
  8196 | D:11     | Killed Psyche
  8356 | D:11     | Noticed a two-headed ogre
  8362 | D:11     | Killed a two-headed ogre
  8363 | D:11     | Reached skill level 5 in Dodging
  8432 | D:11     | Noticed Urug
  8446 | D:11     | Killed Urug
  8546 | D:11     | Reached skill level 12 in Axes
  8768 | D:10     | Found a hide-covered altar of Uskayaw.
  8821 | D:10     | Found an opulent altar of Gozag.
  8822 | D:10     | Found Gozag's Platinum Reserve.
  8880 | D:10     | Noticed a two-headed ogre
  8897 | D:10     | Killed a two-headed ogre
  9402 | D:11     | Reached ***** piety under Trog
  9869 | D:12     | Noticed Fannar
  9884 | D:12     | Killed Fannar
  9983 | D:12     | Identified the +1 chain mail of the Moon Troll {rC- rN+
                  | rCorr Dex+3}
 10168 | D:12     | Noticed Erolcha
 10171 | D:12     | Killed Erolcha
 10172 | D:12     | Reached XP level 13. HP: 117/117 MP: 13/13
 10731 | Lair:1   | Entered Level 1 of the Lair of Beasts
 10756 | Lair:1   | You fall into a shaft and drop 1 floor!
 10816 | Lair:2   | Noticed Sonja
 10912 | Lair:1   | Reached skill level 13 in Axes
 11093 | Lair:1   | Found a frozen archway.
 11123 | IceCv    | Entered an ice cave
 11131 | IceCv    | Received a gift from Trog
 11162 | IceCv    | Reached skill level 10 in Evocations
 11656 | IceCv    | Noticed a frost giant
 11683 | IceCv    | Killed a frost giant
 11684 | IceCv    | Reached XP level 14. HP: 59/129 MP: 14/14
 12192 | Lair:1   | Reached skill level 14 in Axes
 12717 | Lair:2   | Killed Sonja
 12732 | Lair:2   | Noticed Harold
 12735 | Lair:2   | Killed Harold
 12735 | Lair:2   | Reached ****** piety under Trog
 13245 | Lair:2   | Noticed Nergalle
 13252 | Lair:2   | Killed Nergalle
 14091 | Lair:3   | Received a gift from Trog
 14242 | Lair:3   | Found a staircase to the Swamp.
 14362 | Lair:3   | Found a staircase to the Snake Pit.
 14878 | Lair:4   | Found a viscous altar of Jiyva.
 14893 | Lair:4   | Found a staircase to the Slime Pits.
 14903 | Lair:4   | Received a gift from Trog
 15046 | Lair:4   | Reached skill level 15 in Axes
 15737 | Lair:5   | Entered Level 5 of the Lair of Beasts
 15872 | Lair:5   | Reached XP level 15. HP: 136/138 MP: 15/15
 15941 | Lair:5   | Noticed Nessos
 15955 | Lair:5   | Killed Nessos
 16510 | Lair:5   | Received a gift from Trog
 17009 | Lair:5   | Identified the +5 chain mail of the Other World {Will+}
 17570 | D:13     | Found Dyreq's Jewellery Emporium.
 17614 | D:13     | Found Zin's Purification Station.
 17614 | D:13     | Found a glowing silver altar of Zin.
 17708 | D:13     | Found a gate to the Vaults.
 18147 | D:14     | Reached skill level 15 in Fighting
 18262 | D:14     | Reached skill level 16 in Axes
 19084 | D:15     | Entered Level 15 of the Dungeon
 19235 | D:15     | Found a staircase to the Depths.
 19425 | D:15     | Noticed Bananafolds's ghost (adept NaAl)
 19427 | D:15     | Noticed a fire giant
 19446 | D:15     | Identified the +1 chain mail "Zuutaops" {rElec Str+2
                  | Stlth+}
 19458 | D:15     | Found a runed translucent gate.
 19458 | D:15     | Found a runed translucent gate.
 19458 | D:15     | Noticed an orc warlord
 19459 | D:15     | Found a runed translucent gate.
 19474 | D:15     | Found a shimmering altar of Xom.
 19477 | D:15     | Found a shimmering altar of Xom.
 19560 | D:15     | Found a sparkling altar of Nemelex Xobeh.
 19893 | D:15     | Reached XP level 16. HP: 123/149 MP: 16/16
 20259 | Orc:1    | Entered Level 1 of the Orcish Mines
 20273 | Orc:1    | Found Icviy's Magic Scroll Shoppe.
 20315 | Orc:1    | Found a radiant altar of Vehumet.
 20413 | Orc:2    | Entered Level 2 of the Orcish Mines
 20625 | Orc:1    | Received a gift from Trog
 21091 | Orc:2    | Noticed Snorg
 21101 | Orc:2    | Killed Snorg
 21422 | Orc:2    | Found a roughly hewn altar of Beogh.
 21548 | Orc:2    | Received a gift from Trog
 21600 | Orc:2    | Found Lumeesez's Distillery.
 21675 | Orc:2    | Found Dapozov's General Store.
 21910 | Orc:2    | Found a staircase to the Elven Halls.
 22046 | Orc:2    | Found Jinoshoo's Antique Armour Emporium.
 22087 | Orc:2    | Found a roughly hewn altar of Beogh.
 22197 | Orc:2    | Found Toriq's Jewellery Boutique.
 22670 | Snake:1  | Entered Level 1 of the Snake Pit
 23118 | Snake:1  | Found Mutus's Antique Armour Shop.
 23141 | Snake:1  | Bought an embroidered cloak for 225 gold pieces
 23152 | Snake:1  | Bought a pair of runed boots for 225 gold pieces
 23266 | Snake:1  | Identified the +2 ring mail "Woilani" {Rampage rF- Will+++
                  | Dex-3}
 23501 | Snake:2  | Received a gift from Trog
 23666 | Snake:2  | Reached skill level 17 in Axes
 23924 | Snake:2  | Found a white marble altar of Elyvilon.
 23957 | Snake:2  | Reached skill level 10 in Shields
 24677 | Snake:3  | Reached XP level 17. HP: 110/158 MP: 17/17
 25130 | Snake:3  | Found a runed translucent door.
 25254 | Snake:3  | Noticed Vashnia
 25398 | Snake:3  | Received a gift from Trog
 25415 | Snake:3  | Killed Vashnia
 25869 | Snake:3  | Found a shimmering altar of Xom.
 25869 | Snake:3  | Noticed Himpaguf's ghost (adept DECj)
 26037 | Snake:3  | Found Yfikoim's Jewellery Shop.
 26621 | Snake:3  | Reached skill level 18 in Axes
 26769 | Snake:4  | Entered Level 4 of the Snake Pit
 26782 | Snake:4  | Received a gift from Trog
 27051 | Snake:4  | Noticed lessens's ghost (adept MiGl)
 27052 | Snake:4  | Found a runed translucent door.
 27623 | Snake:4  | Reached XP level 18. HP: 107/169 MP: 10/18
 28050 | Snake:4  | Received a gift from Trog
 28437 | Snake:4  | Reached skill level 10 in Throwing
 28518 | Snake:4  | Got a serpentine rune of Zot
 28763 | Swamp:1  | Entered Level 1 of the Swamp
 29278 | Swamp:1  | Reached skill level 19 in Axes
 29534 | Swamp:2  | Received a gift from Trog
 29666 | Swamp:2  | Noticed a tentacled monstrosity
 29680 | Swamp:2  | Killed a tentacled monstrosity
 30187 | Swamp:2  | Reached skill level 10 in Dodging
 30336 | Swamp:2  | Reached skill level 15 in Evocations
 30446 | Swamp:3  | Reached XP level 19. HP: 152/179 MP: 19/19
 30678 | Swamp:3  | Paralysed by a fenstrider witch for 5 turns
 30808 | Swamp:3  | Received a gift from Trog
 31043 | Swamp:3  | Found a large runed translucent door.
 31043 | Swamp:3  | Found a large runed translucent door.
 31044 | Swamp:3  | Noticed TangoThomas's ghost (adept DsNe)
 31067 | Swamp:4  | Entered Level 4 of the Swamp
 31909 | Swamp:4  | Noticed Mara
 31911 | Swamp:4  | Noticed LabCoat's illusion
 31949 | Swamp:4  | HP: 8/180 [LabCoat's illusion (illusionary)[Mara] (25)]
 31949 | Swamp:4  | Killed from afar by Mara (illusionary)

Illustrated notes

Levels and vault maps discovered:
D:1:      spicycebolla_arrival_transporter_tutorial, layout_loops_corners
D:2:      layout_basic, shapermc_ecumenical_altar_pompeii,
          kennysheep_generic_room_13
D:3:      layout_basic, serial_shops, nicolae_shop_tiny_real_fake_doors,
          uniq_jessica, uniq_terence
D:4:      layout_loops_ring, gammafunk_temple_overflow_elements, uniq_edmund,
          uniq_crazy_yiuf_cottage
D:5:      layout_basic, chequers_ossuary_entry_cave, uniq_menkaure, uniq_pikel
D:6:      layout_gridville, minmay_temple_entry_waves
D:7:      layout_cave_pools, mainiacjoe_overflow_paths, bloody_trog,
          jmf_multi_god_temple, nicolae_wu_jian_immortal_techniques,
          uniq_duvessa
D:8:      layout_rooms, special_room [special_room_orc], hangedman_ranch
D:9:      cheibrodos_barr_body, layout_loops_ring, lair_entry_dummy
D:10:     layout_cave_pods, nicolae_uskayaw_murder_on_the_dancefloor,
          nicolae_gozag_zags_fifth_avenue, tso_metal_star
D:11:     minmay_distorted_concentric_squares, layout_basic, erik_orc_1,
          uniq_psyche, uniq_urug
D:12:     layout_long_grid, uniq_fannar, uniq_erolcha
D:13:     layout_gridville, david_vaults_5, serial_shops,
          nicolae_shop_hallway_plus, zin_purify
D:14:     layout_layer_cave, serial_bayou_pond_d
D:15:     grunt_enter_depths_giant_problem, layout_loops_cross,
          gammafunk_ghost_split, serial_library,
          serial_library_hellmonk_big_corner,
          serial_library_hellmonk_small_corner,
          serial_library_hellmonk_junction, serial_library_regret_index_headful,
          serial_library_regret_index_double_sided,
          serial_library_hellmonk_small_corner, xom_redecorated,
          nemelex_spade_bored_becter
Temple:   hellmonk_temple_forest_ring
Lair:1:   layout_chaotic_city, portal_ice_cave_entry_pillars_2,
          pdpol_lair_cavern_descent
Lair:2:   layout_small_grid, grunt_megastairs_5, uniq_nergalle, uniq_harold,
          uniq_sonja
Lair:3:   layout_roguey, minmay_swamp_entry_eels,
          nicolae_snake_entry_warm_welcome, special_room [special_room_bee],
          grunt_megastairs_2
Lair:4:   layout_regular_city, nicolae_slime_entry_field_trip
Lair:5:   guppyfry_lair_end_dragon, layout_cave_pods, hangedman_lair_in_review,
          serial_bayou_pond_a, uniq_nessos
Swamp:1:  layout_basic_swamp, evilmike_swamp_ruin_house_1
Swamp:2:  layout_basic_swamp, serial_swamp_ruin, evilmike_swamp_ruin_rubble_2,
          evilmike_swamp_ruin_house_3
Swamp:3:  layout_falls_marsh, ebering_ghost_disaster_area,
          evilmike_swamp_ruin_house_6
Swamp:4:  nzn_swamp_witches_coven, layout_basic_swamp, uniq_mara
Snake:1:  layout_rooms, serial_shops, shop, grunt_megastairs_1
Snake:2:  layout_grid_maze, basic_altar
Snake:3:  nicolae_snake_unarmed_stairs_patrol, layout_chambers,
          ebering_ghost_xom, serial_shops, shop, uniq_vashnia
Snake:4:  snake_pit_salamanders_mu, layout_basic, hellmonk_ghost_happy_afterlife
Orc:1:    layout_caves, serial_shops, shop, basic_altar,
          regret_index_minedec_shroomtown_chain
Orc:2:    pubby_orc_utopia, serial_shops, uniq_snorg

Skill      XL: |  1  2  3  4  5  6  7  8  9 10 11 12 13 14 15 16 17 18 |
---------------+-------------------------------------------------------+-----
Axes           | 3 4 5 6 8 9 11 12 13 15 16 17 18 19 | 19.7
Fighting       | 4 5 6 8 9 10 11 13 14 15 16 17 18 | 18.4
Evocations     | 1 2 3 4 5 7 8 9 10 11 12 13 14 15 | 15.4
Throwing       | 1 2 3 4 5 6 7 8 9 10 | 10.5
Armour         | 4 5 6 7 8 9 10 11 12 13 14 | 14.2
Dodging        | 1 2 3 4 5 7 8 9 10 | 10.2
Shields        | 4 5 6 8 10 11 12 | 12.1

Action                     |  1- 3 |  4- 6 |  7- 9 | 10-12 | 13-15 | 16-18 | 19-21 || total
---------------------------+-------+-------+-------+-------+-------+-------+-------++-------
  Melee: War axe           |   104 |   157 |   300 |   353 |     3 |       |       ||   917
         Broad axe         |       |       |       |   308 |  1214 |  1548 |   268 ||  3338
         Hand axe          |       |       |       |    18 |       |       |       ||    18
         Morningstar       |       |       |       |    14 |    31 |    55 |    10 ||   110
  Throw: Dart              |       |     5 |     7 |     8 |     4 |     8 |     1 ||    33
 Invoke: Berserk           |       |       |       |     4 |       |     2 |       ||     6
         Trog's Hand       |       |       |       |     3 |     2 |    13 |     1 ||    19
         Brothers in Arms  |       |       |       |       |       |     1 |     1 ||     2
  Evoke: Wand              |       |       |     1 |    11 |    17 |    15 |     2 ||    46
         Tin of tremorston |       |       |       |       |     1 |     3 |       ||     4
    Use: Scroll            |     2 |     2 |     1 |     6 |    16 |    16 |     3 ||    46
         Potion            |       |     1 |     2 |     1 |     2 |    12 |     3 ||    21
 Armour: Scale mail        |    76 |   145 |   258 |    73 |       |       |       ||   552
         Plate armour      |       |       |       |   416 |       |       |       ||   416
         Chain mail        |       |       |       |   384 |  1333 |  1335 |   258 ||  3310
  Dodge: Dodged            |    45 |    91 |   137 |   389 |   648 |   572 |    97 ||  1979
  Block: Buckler           |    24 |    42 |    70 |   213 |   334 |   100 |       ||   783
         Kite shield       |       |       |       |       |       |   866 |   172 ||  1038
